 Dungeon Crawl Stone Soup version 0.31-a0-949-g57150269e1 (webtiles) character file.

Game seed: 7334622466497723819

2464 Fodor the Spear-Bearer (level 9, -4/75 (78) HPs)
             Began as a Minotaur Fighter on Oct 21, 2023.
             Was an Initiate of Gozag.
             Slain by a wight
             ... wielding a +0 heavy battleaxe
              (14 damage)
             ... on level 8 of the Dungeon on Oct 22, 2023.
             The game lasted 00:35:02 (7112 turns).

Fodor the Spear-Bearer (Minotaur Fighter)           Turns: 7112, Time: 00:35:03

HP:   -4/75 (78)    AC: 20    Str: 24    XL:     9   Next: 26%
MP:   8/8           EV: 12    Int:  5    God:    Gozag
Gold: 549           SH:  0    Dex: 17    Spells: 8/8 levels left

rFire   . . .        J - +0 halberd (protect)
rCold   . . .        (shield currently unavailable)
rNeg    . . .        r - +3 plate armour
rPois   .            (helmet restricted)
rElec   .            D - +0 cloak
rCorr   .            y - +0 pair of gloves
SInv    .            I - +0 pair of boots
Will    .....        (no amulet) Stlth
                     g - +6 ring of dexterity
HPRegen 0.32/turn    x - +5 ring of evasion
MPRegen 0.11/turn

%: no passive effects
@: gold aura, lightly drained
A: horns 2, retaliatory headbutt
a: Renounce Religion, Potion Petition, Call Merchant, Bribe Branch


You were on level 8 of the Dungeon.
You worshipped Gozag.
Gozag was pleased with you.
You visited 2 branches of the dungeon, and saw 9 of its levels.
You also visited: Sewer.

You collected 644 gold pieces.
You paid 95 gold pieces to Gozag.

Inventory:

Hand Weapons
 E - a +5 spectral club
 J - a +0 halberd of protection (weapon)
 K - a +0 shortbow
Missiles
 H - 11 poisoned darts (quivered)
 M - a throwing net
Armour
 r - a +3 plate armour (worn)
 y - a +0 pair of gloves (worn)
 D - a +0 cloak (worn)
 G - a +0 kite shield
 I - a +0 pair of boots (worn)
Jewellery
 g - a +6 ring of dexterity (left hand)
 x - a +5 ring of evasion (right hand)
 B - a ring of flight
Talismans
 s - a blade talisman
Wands
 C - a wand of paralysis (11)
 N - a wand of roots (16)
Scrolls
 i - 2 scrolls of revelation
 k - 2 scrolls of silence
 o - 5 scrolls of fear
 p - 3 scrolls of amnesia
 u - 2 scrolls of poison
 v - 2 scrolls of brand weapon
 z - a scroll of butterflies
 A - 4 scrolls of teleportation
 L - a scroll of enchant weapon
 O - a scroll of vulnerability
Potions
 a - a potion of berserk rage {unknown}
 b - 3 potions of lignification
 c - a potion of brilliance {unknown}
 d - 3 potions of might
 e - 2 potions of mutation {unknown}
 h - 2 potions of curing
 j - 2 potions of attraction {unknown}
 l - 2 potions of heal wounds {unknown}
 m - 3 potions of ambrosia {unknown}
 n - a potion of cancellation {unknown}
 q - a potion of haste {unknown}
 w - 6 potions of enlightenment
 F - 2 potions of resistance {unknown}
 P - a potion of invisibility {unknown}


   Skills:
 + Level 6.8 Fighting
 + Level 6.6 Long Blades
 + Level 2.3 Maces & Flails
 + Level 8.7 Polearms
 + Level 7.7 Armour
 + Level 0.9 Dodging
 + Level 0.2 Stealth
 + Level 5.6 Shields


You had 8 spell levels left.
You didn't know any spells.
Your spell library contained the following spells:

 Spells                   Type           Power      Damage    Failure   Level
 Apportation              Tloc           0%         N/A       100%        1
 Kiss of Death            Conj/Necr      0%         2d5       100%        1
 Necrotise                Necr           0%         1d4       100%        1
 Summon Small Mammal      Summ           0%         N/A       100%        1
 Cigotuvi's Dreadful Rot  Necr/Pois/Air  0%         N/A       100%        2
 Sublimation of Blood     Necr           0%         N/A       100%        2
 Wereblood                Tmut           0%         N/A       100%        2
 Confusing Touch          Hex            0%         N/A       100%        3
 Hailstorm                Conj/Ice       0%         3d3       100%        3
 Ozocubu's Armour         Ice            0%         N/A       100%        3
 Dispel Undead            Necr           0%         3d6       100%        4
 Leda's Liquefaction      Hex/Erth       0%         N/A       100%        4
 Summon Ice Beast         Ice/Summ       0%         N/A       100%        4
 Irradiate                Conj/Tmut      0%         3d11      100%        5
 Lee's Rapid Deconstruct  Erth           0%         3d4*      100%        5
 Bombard                  Conj/Erth      0%         9d1       100%        6
 Death Channel            Necr           0%         N/A       100%        6
 Ozocubu's Refrigeration  Ice            0%         4d7       100%        7
 Summon Hydra             Summ           0%         N/A       100%        7
 Simulacrum               Ice/Necr       Unusable   N/A       N/A         6

Dungeon Overview and Level Annotations

Branches:
Dungeon (8/15)             Temple (1/1) D:5           Sewer (visited)
   Lair: D:8-11

Altars:
Ashenzari
Dithmenos
Elyvilon
Fedhas
Gozag
Hepliaklqana
Kikubaaqudgha
Nemelex Xobeh
Okawaru
Qazlal
Ru
Trog
Vehumet
Wu Jian
Xom
Yredelemnul
Zin

Annotations:
D:8 Maurice


Innate Abilities, Weirdness & Mutations

You have a pair of horns on your head.
You reflexively headbutt those who attack you in melee.


Message History

Reactivating autopickup.
The wight barely misses you.
An orc comes into view. It is wielding a +0 club.
The wight hits you but does no damage.
Maurice gestures wildly while chanting.
Maurice blinks!
The orc warrior shoots a bolt.
The bolt hits you but does no damage. The wight hits you but does no damage.
The wight hits you from afar with a +5 spear!
You feel drained.
Maurice zaps a wand.
The roots erupt in riotous growth!
The jelly is unaffected.
The orc warrior is unaffected.
The orc warrior unwields a +0 arbalest.
The orc warrior wields a +0 hand axe.
The orc warrior barely misses you. You furiously retaliate!
You headbutt the orc warrior!
Things that are here:
3 gold pieces; a +0 halberd; a +0 robe The wight hits you but does no damage.
The wight misses you.
The wight hits you from afar with a +5 spear!
You barely miss the wight. You headbutt the wight!
The wight is almost destroyed.
The orc warrior unwields a +0 hand axe.
The orc warrior wields a +0 arbalest.
The orc warrior shoots a bolt.
The bolt hits you!
* * * LOW HITPOINT WARNING * * *
The wight barely misses you.
The wight hits you from afar with a +5 spear.
* * * LOW HITPOINT WARNING * * *
The wight hits you with a +5 falchion!
* * * LOW HITPOINT WARNING * * *
It was a potion of curing.
You feel better.
The orc warrior shoots a bolt.
The bolt hits you.
* * * LOW HITPOINT WARNING * * *
The wight hits you but does no damage.
The wight hits you from afar with a +5 spear.
* * * LOW HITPOINT WARNING * * *
You feel drained.
Okay, then.
You feel better.
The wight hits you with a +0 heavy battleaxe!
You die...
Your body crumbles into a pile of gold.

.
#....Jo....$.........
...........?........#
#.#.....###..#....##.
#.#....##
#..#........ ......
##....#..... .####.
#@o..#..##. ##.
#.o.#...#
.....####J##...#
.......zz@{#####
......).#z.#
........####
........# ........#
......... .........
##......#


You could see Maurice, an orc warrior, a jelly, 3 wights and an orc.

Vanquished Creatures
  Sigmund (D:2)
  A wyvern (D:7)
  A steam dragon (D:6)
  A black bear (D:6)
  2 ice beasts
  A sky beast (D:6)
  3 centaurs
  An ogre (D:6)
  A phantom (D:4)
  2 bullfrogs (D:7)
  A scorpion (D:7)
  5 wights
  3 howler monkeys (D:8)
  3 hounds
  2 jellies (D:6)
  3 iguanas
  A sleepcap (D:6)
  Ijyb (D:3)
  2 orc wizards (D:6)
  10 gnolls
  13 adders
  3 river rats (Sewer)
  A shadow imp (D:5)
  A white imp (D:6)
  2 worms
  A dart slug (D:3)
  6 orcs
  15 bats
  10 endoplasms
  7 giant cockroaches
  9 goblins
  8 hobgoblins
  8 jackals
  7 quokkas
  19 ball pythons
  7 frilled lizards
  6 kobolds
  5 rats
173 creatures vanquished.

Notes
Turn   | Place    | Note
-------+----------+-------------------------------------------
     0 | D:1      | Fodor the Minotaur Fighter began the quest for the Orb.
     0 | D:1      | Reached XP level 1. HP: 19/19 MP: 0/0
   301 | D:1      | Reached XP level 2. HP: 27/27 MP: 1/1
  1180 | D:2      | Reached XP level 3. HP: 33/33 MP: 2/2
  1422 | D:2      | Noticed Sigmund
  1435 | D:2      | Killed Sigmund
  1436 | D:2      | Reached skill level 5 in Long Blades
  1436 | D:2      | Reached XP level 4. HP: 25/41 MP: 3/3
  1436 | D:2      | Reached XP level 5. HP: 28/47 MP: 4/4
  1816 | D:3      | Found a glowing drain.
  1846 | Sewer    | Entered a sewer
  2032 | Sewer    | Reached XP level 6. HP: 53/53 MP: 5/5
  2042 | Sewer    | Reached skill level 5 in Armour
  2915 | D:3      | Found a faded altar of an unknown god.
  3185 | D:3      | Noticed Ijyb
  3185 | D:3      | Paralysed by Ijyb for 3 turns
  3192 | D:3      | Paralysed by Ijyb for 5 turns
  3208 | D:3      | Killed Ijyb
  3863 | D:4      | Reached skill level 1 in Maces & Flails
  3863 | D:4      | Reached skill level 5 in Shields
  3863 | D:4      | Reached XP level 7. HP: 60/60 MP: 6/6
  4488 | D:4      | Found an iron altar of Okawaru.
  4527 | D:5      | Entered Level 5 of the Dungeon
  4527 | D:5      | Found a staircase to the Ecumenical Temple.
  4573 | D:5      | Reached skill level 5 in Fighting
  4723 | D:5      | Reached skill level 1 in Polearms
  4750 | Temple   | Entered the Ecumenical Temple
  4803 | Temple   | Became a worshipper of Gozag Ym Sagoz the Greedy
  5326 | D:6      | Reached skill level 2 in Polearms
  5385 | D:6      | Reached skill level 3 in Polearms
  5437 | D:6      | Reached XP level 8. HP: 45/68 MP: 7/7
  5441 | D:6      | Reached skill level 4 in Polearms
  5629 | D:6      | Reached skill level 5 in Polearms
  5845 | D:6      | Reached skill level 6 in Polearms
  6365 | D:7      | Reached skill level 7 in Polearms
  6439 | D:7      | Reached XP level 9. HP: 78/78 MP: 8/8
  6504 | D:7      | Reached skill level 8 in Polearms
  7059 | D:8      | Noticed Maurice
  7094 | D:8      | Something stole a ring of poison resistance
  7110 | D:8      | HP: 3/76 [wight/+5 falchion (7)]
  7112 | D:8      | Slain by a wight

Illustrated notes

Levels and vault maps discovered:
D:1:      minmay_arrival_three_doors, layout_basic
D:2:      layout_loops_cross, uniq_sigmund
D:3:      layout_loops_cross, cheibrodos_sewer_entry_drain,
          chequers_ecumenical_altar_lobes, minmay_puff, uniq_ijyb
D:4:      minmay_inner_zag, layout_basic, lemuel_coloured_pillars_altar,
          hangedman_abyss_or_decor_stabs
D:5:      layout_gridville, minmay_temple_entry_waves
D:6:      layout_loops_ring
D:7:      layout_loops_ring
D:8:      layout_cave_pools, cheibriados_altar_1, uniq_maurice
Temple:   eino_temple_rhombus

Skill      XL: |  1  2  3  4  5  6  7  8  9 |
---------------+----------------------------+-----
Fighting       | 4 5 6 |  6.8
Shields        | 4 5 |  5.6
Armour         | 4 5 6 7 |  7.7
Long Blades    | 5 6 |  6.6
Maces & Flails | 1 2 |  2.3
Polearms       | 3 7 8 |  8.7
Dodging        | |  0.9
Stealth        | |  0.2

Action                     |  1- 3 |  4- 6 |  7- 9 || total
---------------------------+-------+-------+-------++-------
  Melee: Long sword        |    72 |   167 |       ||   239
         Headbutt          |     7 |    29 |    30 ||    66
         Club              |       |    29 |    34 ||    63
         Halberd           |       |       |   138 ||   138
    Use: Scroll            |       |       |    15 ||    15
         Potion            |       |       |     2 ||     2
 Armour: Scale mail        |    50 |       |       ||    50
         Plate armour      |     6 |   255 |   201 ||   462
  Dodge: Dodged            |    35 |   110 |   168 ||   313
  Block: Buckler           |    20 |    92 |       ||   112
         Kite shield       |       |    18 |    17 ||    35

Table legend: (Time is in decaauts)
 A = Elapsed time spent in this place.
 B = Non-inter-level travel time spent in this place.
 C = Inter-level travel time spent in this place.
 D = Time resting spent in this place.
 E = Time spent auto-exploring this place.
 F = Levels seen in this place.
 G = Mean time per level.
                   A        B        C        D        E       F      G
               +--------+--------+--------+--------+--------+-----+--------+
         Total |   7384 |   6806 |    578 |    308 |      0 |  10 |  738.4 |
       Dungeon |   6575 |   6004 |    571 |    235 |      0 |   8 |  821.9 |
        Temple |     72 |     65 |      7 |      0 |      0 |   1 |   72.0 |
         Sewer |    737 |    737 |      0 |     73 |      0 |   1 |  737.0 |
               +--------+--------+--------+--------+--------+-----+--------+

Top non-repeatable levels by time:
     D:4: 1141 daAuts
     D:3: 1127 daAuts
     D:1: 1021 daAuts
     D:6: 846 daAuts
     D:2: 822 daAuts
     D:5: 784 daAuts
     D:7: 773 daAuts
   Sewer: 737 daAuts
  Temple: 72 daAuts
     D:8: 58 daAuts
